 Dungeon Crawl Stone Soup version 0.28-a0-1524-ge72afd5fc6 (webtiles) character file.

Game seed: 15647804215655410249

5 psuckher the Sneak (level 1, 0/18 HPs)
             Began as a Barachi Delver on Jan 17, 2022.
             Succumbed to a scorpion's poison
             ... on level 5 of the Dungeon.
             The game lasted 00:01:04 (206 turns).

psuckher the Sneak (Barachi Delver)                  Turns: 206, Time: 00:01:05

Health: 0/18       AC:  3    Str: 13    XL:     1   Next: 80%
Magic:  1/1        EV: 11    Int: 10    God:
Gold:   26         SH:  3    Dex: 13    Spells: 0/0 levels left

rFire   . . .      SeeInvis .   a - +0 short sword
rCold   . . .      Faith    .   i - +0 buckler
rNeg    . . .      Spirit   .   b - +0 leather armour
rPois   .          Reflect  .   (no helmet)
rElec   .          Harm     .   (no cloak)
rCorr   .          Rampage  .   (no gloves)
Will    .....                   (no boots)
Stlth   +++.......              (no amulet)
HPRegen 0.06/turn               (no ring)
MPRegen 0.07/turn               (no ring)

@: lethally poisoned (0 -> -12), slow
A: amphibious, slowness 1, strong legs 1, +LOS
a: Hop


You were on level 5 of the Dungeon.
You visited 1 branch of the dungeon, and saw 1 of its levels.

You collected 26 gold pieces.

Inventory:

Hand Weapons
 a - a +0 short sword (weapon)
Armour
 b - a +0 leather armour (worn)
 i - a +0 buckler (worn)
Wands
 g - a wand of digging (3)
Scrolls
 d - a scroll of magic mapping
 e - a scroll of fear
 h - a scroll of vulnerability {unknown}
Potions
 f - a potion of haste
 j - a potion of curing {unknown}


   Skills:
 + Level 3.6 Fighting
 + Level 2.1 Short Blades
 + Level 2.1 Dodging
 + Level 4.8 Stealth


You couldn't memorise any spells.
You didn't know any spells.
Your spell library was empty.

Dungeon Overview and Level Annotations

Branches:
Dungeon (5/15)
 Temple: D:4-7

Altars:


Innate Abilities, Weirdness & Mutations

You are amphibious.
You cover ground slowly.
You can hop short distances.
You have an extended range of vision and can be seen from far away.


Message History

You hit the ufetubus but do no damage. The ufetubus hits you. x4
You hit the ufetubus.
The ufetubus is lightly wounded.
You block the ufetubus's attack. The ufetubus closely misses you.
You hit the ufetubus but do no damage.
The ufetubus is lightly wounded.
The ufetubus barely misses you.
The ufetubus hits you but does no damage. x2
You block the ufetubus's attack.
You hit the ufetubus.
The ufetubus is almost dead.
The ufetubus hits you but does no damage. x2
You hit the ufetubus.
You kill the ufetubus!
You now have 21 gold pieces (gained 14).
j - a metallic yellow potion You see here a +0 buckler.
Found 5 gold pieces.
You now have 26 gold pieces (gained 5).
Found 2 red potions.
An ogre comes into view. It is wielding a +0 giant club.
A scorpion comes into view.
Found a scroll labelled OSKEXZ RAAM.
As you read the scroll of fog, it crumbles to dust.
The scroll dissolves into smoke.
You hit the scorpion.
The scorpion is moderately wounded.
The scorpion stings you!
You barely miss the scorpion.
The scorpion is moderately wounded.
You block the scorpion's attack.
You hit the scorpion.
The scorpion is heavily wounded.
The scorpion stings you.
* * * LOW HITPOINT WARNING * * *
You are lethally poisoned!
The scorpion poisons you!
You closely miss the scorpion.
The scorpion is heavily wounded.
You die...

#.#....... .....
....###.### .... ....#
#.# ... + ....# ### ...
.# ..>.# .. ..# ....# .#
.. ....# #####§##.###.
#.#... #####...§§.......
..#.###.#.......@s##.....
#.... #.#.#####§§§§§.....
#.#.#.......§§§§§.?....
#.#.#.#.#####§§########
#.#.......#..§§§§#
###.#.#.....#.#.§#§##
....#.#.............#
............#....#..#
.................#..#


You could see a scorpion.

Vanquished Creatures
  An ufetubus (D:5)
1 creature vanquished.

Notes
Turn   | Place    | Note
-------+----------+-------------------------------------------
     0 | D:5      | psuckher the Barachi Delver began the quest for the Orb.
     0 | D:5      | Reached XP level 1. HP: 18/18 MP: 1/1
   190 | D:5      | Noticed an ogre
   198 | D:5      | Noticed a scorpion
   206 | D:5      | Succumbed to a scorpion's poison

Illustrated notes

Levels and vault maps discovered:
D:5:      layout_basic, minmay_crossroads, uniq_grinder

Action                   || total
-------------------------++-------
Melee: Short sword       ||     9
  Use: Scroll            ||     1
Armor: Leather armour    ||     6
Dodge: Dodged            ||     6
Block: Buckler           ||     3

Table legend: (Time is in decaauts)
 A = Elapsed time spent in this place.
 B = Non-inter-level travel time spent in this place.
 C = Inter-level travel time spent in this place.
 D = Time resting spent in this place.
 E = Time spent auto-exploring this place.
 F = Levels seen in this place.
 G = Mean time per level.
                   A        B        C        D        E       F      G
               +--------+--------+--------+--------+--------+-----+--------+
         Total |    243 |    223 |     20 |      0 |     14 |   1 |  243.0 |
       Dungeon |    243 |    223 |     20 |      0 |     14 |   1 |  243.0 |
               +--------+--------+--------+--------+--------+-----+--------+

Top non-repeatable levels by time:
     D:5: 243 daAuts
